 Dungeon Crawl Stone Soup version 0.30-a0-591-g3c58d2bc28 (webtiles) character file.

Game seed: 2018160068585068604

148 Shayle the Conjurer (level 5, -12/34 (41) HPs)
             Began as a Demonspawn Reaver on Jan 5, 2023.
             Was an Initiate of Ashenzari.
             Mangled by an ogre
             ... wielding a +0 giant spiked club
              (33 damage)
             ... on level 4 of the Dungeon.
             The game lasted 00:07:01 (2901 turns).

Shayle the Conjurer (Demonspawn Reaver)             Turns: 2901, Time: 00:07:02

HP:   -12/34 (41)   AC:  4    Str: 13    XL:     5   Next: 8%
MP:   7/8           EV: 12    Int: 16    God:    Ashenzari [......]
Gold: 232           SH:  5    Dex: 11    Spells: 7/8 levels left

rFire   . . .      SeeInvis .    a - +0 spear
rCold   . . .      Faith    .    (no shield)
rNeg    . . .      Spirit   .    b - +0 leather armour
rPois   .          Reflect  +    (no helmet)
rElec   .          Harm     .    l - +0 cloak
rCorr   .          Rampage  .    (no gloves)
Will    .....                    (no boots)
Stlth   +                        o - amulet of reflection
HPRegen 0.25/turn                (no ring)
MPRegen 0.11/turn                (no ring)

@: heavily drained
A: foul stench 1
a: Renounce Religion


You were on level 4 of the Dungeon.
You worshipped Ashenzari.
Ashenzari was noncommittal.
You visited 1 branch of the dungeon, and saw 4 of its levels.

You collected 232 gold pieces.

Inventory:

Hand Weapons
 a - a +0 spear (weapon)
Armour
 b - a +0 leather armour (worn)
 l - a +0 cloak (worn)
Jewellery
 o - an amulet of reflection (around neck)
 v - a +6 ring of dexterity
Wands
 p - a wand of charming (7)
Scrolls
 d - a scroll of torment {unknown}
 e - a scroll of enchant weapon {unknown}
 g - 2 scrolls of poison {unknown}
 h - 2 scrolls of enchant armour {unknown}
 i - a scroll of brand weapon {unknown}
 j - a scroll of fog {unknown}
 k - a scroll of blinking {unknown}
 m - a scroll of identify {unknown}
 q - a scroll of summoning {unknown}
 r - 2 scrolls of vulnerability {unknown}
 u - a scroll of immolation {unknown}
Potions
 c - a potion of flight {unknown}
 f - 2 potions of lignification {unknown}
 n - 2 potions of heal wounds {unknown}
 s - a potion of ambrosia {unknown}
 t - a potion of degeneration {unknown}


   Skills:
 + Level 3.0 Fighting
 - Level 2.6 Polearms
 + Level 2.8 Dodging
 - Level 2.0 Spellcasting
 - Level 3.0 Conjurations
 + Level 2.3 Necromancy
 + Level 2.0 Earth Magic


You had 7 spell levels left.
You knew the following spells:

 Your Spells              Type           Power      Damage    Failure   Level
a - Kiss of Death         Conj/Necr      40%        2d8       9%          1

Your spell library contained the following spells:

 Spells                   Type           Power      Damage    Failure   Level
 Momentum Strike          Conj/Tloc      12%        3d8       22%         2
 Hailstorm                Conj/Ice       6%         3d4       38%         3


Dungeon Overview and Level Annotations

Branches:
Dungeon (4/15)
 Temple: D:4-7

Altars:
Ashenzari


Innate Abilities, Weirdness & Mutations

You may rarely emit foul miasma when damaged in melee.


Message History

You closely miss the goblin. You block the goblin's attack.
You hit the goblin.
The goblin is severely wounded.
The goblin hits you with a +0 club.
You miss the goblin.
The goblin is severely wounded.
You barely miss the goblin.
The goblin is severely wounded.
The goblin closely misses you.
You hit the goblin but do no damage.
The goblin is severely wounded.
The goblin hits you but does no damage.
You closely miss the goblin.
The goblin is severely wounded.
The goblin hits you but does no damage.
You hit the goblin.
You kill the goblin!
You barely miss the goblin. You block the goblin's attack.
You barely miss the goblin. The goblin barely misses you.
You hit the goblin.
You kill the goblin!
Casting: Kiss of Death (safe; 9% risk of failure)
Confirm with . or Enter, or press ? or * to list all spells.
Aiming: Kiss of Death (safe; 9% risk of failure)
Press: ? - help, Shift-Dir - straight line, f - ogre
Aim: an ogre, wielding a +0 giant spiked club (100% to hit)
The negative energy hits the ogre.
The ogre is drained!
The ogre is moderately wounded.
You feel drained.
The ogre hits you with a +0 giant spiked club!
You hit the ogre.
The ogre is heavily wounded.
The ogre misses you.
You hit the ogre.
The ogre is heavily wounded.
You hit the ogre.
The ogre is heavily wounded.
The ogre hits you with a +0 giant spiked club!!
Ouch! That really hurt!
You die...

#.#.########.#.##.....
#............#.#######
###.#..#.....#.#
#.#........#.#
#.##.#.###.#.#
#.##.###...#.#
#.##.....#.#.#
#.############
#..@Oggg#((.#
#######g'...#
........#...#
######### ###


You could see an ogre (drained) and 4 goblins.

Vanquished Creatures
  A hound (D:4)
  4 adders
  4 orcs (D:4)
  6 ball pythons
  9 endoplasms
  A giant cockroach (D:1)
  9 goblins
  7 hobgoblins
  3 jackals (D:1)
  3 quokkas
  10 bats
  3 frilled lizards (D:1)
  10 kobolds
  6 rats
76 creatures vanquished.

Vanquished Creatures (others)
  15 toadstools (D:3)
15 creatures vanquished.

Grand Total: 91 creatures vanquished

Notes
Turn   | Place    | Note
-------+----------+-------------------------------------------
     0 | D:1      | Shayle the Demonspawn Reaver began the quest for the Orb.
     0 | D:1      | Reached XP level 1. HP: 16/16 MP: 3/3
   225 | D:1      | Gained mutation: You may rarely emit foul miasma when
                  | damaged in melee. [demonic ancestry]
   225 | D:1      | Reached XP level 2. HP: 15/22 MP: 5/5
   420 | D:1      | Reached skill level 1 in Necromancy
   437 | D:1      | Found a faded altar of an unknown god.
   660 | D:1      | Reached skill level 1 in Earth Magic
   848 | D:1      | Reached XP level 3. HP: 28/28 MP: 6/6
  2037 | D:2      | Reached XP level 4. HP: 23/34 MP: 7/7
  2442 | D:3      | You fall into a shaft and drop 1 floor!
  2562 | D:4      | Found a broken altar of Ashenzari.
  2639 | D:4      | Became a worshipper of Ashenzari the Shackled
  2678 | D:4      | Reached XP level 5. HP: 34/41 MP: 8/8
  2879 | D:4      | Noticed an ogre
  2901 | D:4      | Mangled by an ogre

Illustrated notes

Levels and vault maps discovered:
D:1:      eino_arrival_druids_welcome, layout_loops_ring,
          shapermc_ecumenical_altar_venn
D:2:      layout_basic
D:3:      layout_loops_corners, mainiacjoe_overflow_chevrons, tgw_fedhas,
          lemuel_doored_altar, minmay_strange_pillars,
          amcnicky_mini_rare_corridor_liquid, minmay_misc_feat_doors
D:4:      layout_basic, ashenzari_conservatory_becter, serial_shops,
          kennysheep_mini, minmay_misc_feat_room, minmay_ogre_servants

Skill      XL: |  1  2  3  4 |
---------------+-------------+-----
Dodging        | 2 |  2.8
Necromancy     | 1 2 |  2.3
Earth Magic    | 1 2 |  2.0
Fighting       | 3 |  3.0
Polearms       | |  2.6
Spellcasting   | |  2.0
Conjurations   | |  3.0

Action                   |  1- 3 |  4- 6 || total
-------------------------+-------+-------++-------
Melee: Spear             |   227 |   113 ||   340
       Punch             |     2 |     1 ||     3
 Cast: Kiss of Death     |       |     1 ||     1
 Stab: Sleeping          |     2 |     1 ||     3
Armor: Leather armour    |    46 |    13 ||    59
Dodge: Dodged            |   125 |    38 ||   163
Block: Other             |       |    19 ||    19

Table legend: (Time is in decaauts)
 A = Elapsed time spent in this place.
 B = Non-inter-level travel time spent in this place.
 C = Inter-level travel time spent in this place.
 D = Time resting spent in this place.
 E = Time spent auto-exploring this place.
 F = Levels seen in this place.
 G = Mean time per level.
                   A        B        C        D        E       F      G
               +--------+--------+--------+--------+--------+-----+--------+
         Total |   2889 |   2855 |     34 |     53 |   2097 |   4 |  722.2 |
       Dungeon |   2889 |   2855 |     34 |     53 |   2097 |   4 |  722.2 |
               +--------+--------+--------+--------+--------+-----+--------+

Top non-repeatable levels by time:
     D:2: 1095 daAuts
     D:1: 1033 daAuts
     D:4: 456 daAuts
     D:3: 305 daAuts
